 Dungeon Crawl Stone Soup version 0.27.0-1-g7a08968 (webtiles) character file.

Game seed: 15712118433982412271

69607 thesequoiad the Severer (level 14, -28/135 HPs)
             Began as a Minotaur Fighter on Aug 14, 2021.
             Was an Initiate of Gozag.
             Annihilated by Rupert (43 damage)
             ... while paralysed by Rupert
             ... on level 13 of the Dungeon.
             The game lasted 01:24:42 (30257 turns).

thesequoiad the Severer (Minotaur Fighter)         Turns: 30257, Time: 01:24:42

Health: -28/135    AC: 14    Str: 25    XL:     14   Next: 91%
Magic:  13/13      EV:  2    Int:  6    God:    Gozag
Gold:   1864       SH:  0    Dex: 13    Spells: 13/13 levels left

rFire    + . .     SeeInvis +   a - +5 broad axe (protect)
rCold    + . .     Faith    .   c - +0 kite shield
rNeg     . . .     Spirit   .   Q - +1 scale mail {rPois}
rPois    +         Reflect  .   q - +2 hat {SInv}
rElec    .         Harm     .   e - +0 cloak
rCorr    .         Rampage  .   (no gloves)
Will     +....                  t - +0 pair of boots
Stlth    ..........             Y - amulet "Zosuex" {Fly Regen+ Dex+3}
HPRegen  1.32/turn              K - ring of protection from fire
MPRegen  0.13/turn              T - ring of protection from cold

@: paralysed, flying
A: horns 2, retaliatory headbutt
a: Renounce Religion, Potion Petition, Call Merchant, Bribe Branch


You were on level 13 of the Dungeon.
You worshipped Gozag.
Gozag was most pleased with you.
You visited 3 branches of the dungeon, and saw 22 of its levels.
You also visited: Sewer and Gauntlet.

You collected 4991 gold pieces.
You spent 467 gold pieces at shops.
You paid 2660 gold pieces to Gozag.

Inventory:

Hand Weapons
 a - a +5 broad axe of protection (weapon)
 b - a +3 scimitar of flaming
 n - a +1 war axe of electrocution
Missiles
 r - 93 poisoned darts (quivered)
 I - 9 silver boomerangs
 M - 12 javelins
 R - 2 curare-tipped darts
Armour
 c - a +0 kite shield (worn)
 e - a +0 cloak (worn)
 q - a +2 hat of see invisible (worn)
 t - a +0 pair of boots (worn)
 Q - a +1 scale mail of poison resistance (worn)
Jewellery
 h - a ring of protection from cold
 K - a ring of protection from fire (left hand)
 T - a ring of protection from cold (right hand)
 Y - the amulet "Zosuex" (around neck) {Fly Regen+ Dex+3}
   (You found it on level 6 of the Lair of Beasts)

   [amulet of regeneration]

   Dex:       It affects your dexterity (+3).
   Fly:       It grants you flight.
   Regen:     It increases your rate of health regeneration.
Wands
 d - a wand of paralysis (8)
 A - a wand of flame (44)
 C - a wand of iceblast (15)
 F - a wand of polymorph (32)
 G - a wand of digging (5)
 P - a wand of mindburst (15)
 V - a wand of acid (12)
Scrolls
 f - 6 scrolls of teleportation
 g - 4 scrolls of fog
 j - 3 scrolls of enchant armour
 l - 5 scrolls of fear
 p - 2 scrolls of summoning
 s - 3 scrolls of immolation
 y - 2 scrolls of blinking
 N - 3 scrolls of silence
 U - a scroll of magic mapping
 W - a scroll of holy word
Potions
 i - 4 potions of mutation
 k - a potion of brilliance {unknown}
 o - 4 potions of haste
 u - 4 potions of resistance
 v - a potion of heal wounds
 w - a potion of magic {unknown}
 x - a potion of cancellation {unknown}
 z - a potion of degeneration {unknown}
 D - 2 potions of curing
 E - 2 potions of invisibility
 H - a potion of flight {unknown}
 O - 3 potions of lignification
 S - 2 potions of ambrosia
Miscellaneous
 m - a box of beasts
 J - a piece from Xom's chessboard (15/15)
 X - a lightning rod (4/4)


   Skills:
 + Level 15.2 Fighting
 * Level 16.8 Axes
 - Level 10.0 Armour
 - Level 15.0 Shields
 - Level 10.0 Evocations


You had 13 spell levels left.
You didn't know any spells.
Your spell library contained the following spells:

 Spells                   Type           Power      Damage    Failure   Level
 Beastly Appendage        Tmut           0%         N/A       71%         1
 Corona                   Hex            0%         N/A       71%         1
 Foxfire                  Conj/Fire      0%         2x1d4     71%         1
 Freeze                   Ice            0%         1d3       71%         1
 Magic Dart               Conj           0%         1d3       71%         1
 Call Imp                 Summ           0%         N/A       83%         2
 Corpse Rot               Necr/Air       N/A        N/A       83%         2
 Ensorcelled Hibernation  Hex/Ice        0%         N/A       83%         2
 Poisonous Vapours        Pois/Air       0%         N/A       83%         2
 Static Discharge         Conj/Air       0%         N/A       83%         2
 Wereblood                Tmut           0%         N/A       83%         2
 Conjure Flame            Conj/Fire      0%         6-21      97%         3
 Frozen Ramparts          Ice            0%         1d2       97%         3
 Inner Flame              Hex/Fire       0%         N/A       97%         3
 Mephitic Cloud           Conj/Pois/Air  0%         N/A       97%         3
 Ozocubu's Armour         Ice            0%         N/A       97%         3
 Spider Form              Tmut/Pois      0%         N/A       97%         3
 Tukima's Dance           Hex            0%         N/A       97%         3
 Dispel Undead            Necr           0%         3d6       100%        4
 Hailstorm                Conj/Ice       0%         3d3       100%        4
 Ice Form                 Ice/Tmut       0%         N/A       100%        4
 Sticky Flame             Conj/Fire      0%         2d3       100%        4
 Summon Ice Beast         Ice/Summ       0%         N/A       100%        4
 Blade Hands              Tmut           0%         N/A       100%        5
 Freezing Cloud           Conj/Ice/Air   0%         6-21      100%        5
 Irradiate                Conj/Tmut      0%         3d13      100%        5
 Lightning Bolt           Conj/Air       0%         1d11      100%        5
 Metabolic Englaciation   Hex/Ice        0%         N/A       100%        5
 Shadow Creatures         Summ           N/A        N/A       100%        6
 Simulacrum               Ice/Necr       0%         N/A       100%        6
 Dragon Form              Tmut           0%         N/A       100%        7
 Maxwell's Capacitive Co  Air            0%         ∞         100%        8


Dungeon Overview and Level Annotations

Branches:
Dungeon (15/15)            Temple (1/1) D:4            Lair (6/6) D:11
 Shoals (0/4) Lair:2        Snake (0/4) Lair:3        Slime (0/5) Lair:6
    Orc (0/2) D:9          Depths (0/5) D:15          Sewer (visited)
Gauntlet (visited)
 Vaults: D:13-14

Altars:
Ashenzari
Cheibriados
Dithmenos
Elyvilon
Fedhas
Gozag
Hepliaklqana
Kikubaaqudgha
Makhleb
Nemelex Xobeh
Okawaru
Qazlal
Ru
Sif Muna
Trog
Uskayaw
Vehumet
Wu Jian
Xom
Yredelemnul
Zin
The Shining One
Jiyva

Shops:
D:9 [   D:11 *(=

Annotations:
D:4 3 runed translucent doors, spindart's ghost, amateur DsEE
D:13 exclusion: ice statue, Rupert
D:15 1 exclusion
Lair:2 1 runed translucent door, exclusion: door, momijiyamamura's ghost, journeyman DrTm
Lair:4 exclusion: oklob plant


Innate Abilities, Weirdness & Mutations

You have a pair of horns on your head.
You reflexively headbutt those who attack you in melee.


Message History

Rupert yells loudly at you.
You suddenly lose the ability to move!
Found 13 gold pieces.
Found a stone staircase leading up.
The tengu warrior hits you but does no damage.
The tengu warrior pecks you but does no damage.
The tengu warrior claws you but does no damage.
The seven-headed hydra bites you. The seven-headed hydra bites you!
The seven-headed hydra bites you but does no damage. x5
The tengu warrior hits you but does no damage.
The tengu warrior pecks you but does no damage.
The tengu warrior claws you. The seven-headed hydra bites you.
The seven-headed hydra bites you but does no damage. x6
The tengu warrior completely misses you.
The tengu warrior pecks you.
The tengu warrior claws you but does no damage.
Rupert roars madly and goes into a rage!
Rupert goes berserk!
The seven-headed hydra bites you but does no damage.
The seven-headed hydra bites you!
The seven-headed hydra bites you but does no damage.
The seven-headed hydra bites you. x2
The seven-headed hydra bites you but does no damage. x2
The tengu warrior hits you with a +0 war axe.
The tengu warrior pecks you.
The tengu warrior claws you but does no damage.
The seven-headed hydra bites you but does no damage.
The seven-headed hydra barely misses you.
The seven-headed hydra bites you but does no damage. x3
The seven-headed hydra bites you.
The seven-headed hydra bites you but does no damage.
Rupert hits you with a +3 great mace of protection!!
* * * LOW HITPOINT WARNING * * *
The tengu warrior hits you with a +0 war axe!
* * * LOW HITPOINT WARNING * * *
The tengu warrior pecks you.
* * * LOW HITPOINT WARNING * * *
The tengu warrior claws you but does no damage.
Rupert hits you with a +3 great mace of protection!!!
You die...
Your body crumbles into a pile of gold.

.# ≈ ##### ..#
≈ .
##...###..# .
..##.....#...#
.
#...........#
5
#..$.....##..
$
#....Q.......
8 #...@..^# $$
#....@D......
.
#.......#.#..
. #<........#
. ##......###
≈ #....#.#
.......#
........# .Q>.


You could see Rupert (berserk), a seven-headed hydra and a tengu warrior.

Vanquished Creatures
  Gastronok (Lair:3)
  3 dire elephants (Lair:6)
  Snorg (Lair:4)
  9 hydras
  Erica (D:9)
  2 boulder beetles (D:15)
  3 centaur warriors
  An anaconda (Lair:6)
  A death knight (D:12)
  3 two-headed ogres
  A tengu warrior (D:13)
  A death yak (Lair:6)
  Nergalle (D:12)
  A spectral death yak (Lair:6)
  A spectral anaconda (Lair:6)
  A lindwurm (Lair:2)
  An obsidian statue (Lair:6)
  3 necromancers (Lair:6)
  A deep elf pyromancer (D:12)
  An ugly thing (D:11)
  4 manticores
  2 merfolk sirens (Lair:2)
  3 cyclopes
  A dire elephant zombie (Lair:6)
  6 black mambas
  20 elephants
  A gargoyle (D:13)
  A torpor snail (Lair:2)
  An unseen horror (D:9)
  Maggie (D:7)
  15 cane toads
  9 komodo dragons
  A rime drake (Lair:2)
  6 trolls
  6 polar bears
  2 merfolk (Lair:2)
  2 hornets (D:9)
  6 dream sheep
  A wraith (D:9)
  Sigmund (D:6)
  4 wyverns
  2 vampires
  3 basilisks
  A hog (D:9)
  53 yaks
  A death yak simulacrum (Lair:6)
  4 steam dragons
  Menkaure (D:7)
  3 acid dragons
  2 nagas (Lair:3)
  18 water moccasins
  2 ice beasts
  3 sky beasts
  3 orc warriors
  3 necrophages
  2 black bears
  15 wolves
  17 centaurs
  A phantom (D:4)
  2 kobold brigands (D:7)
  A wyvern zombie (D:7)
  12 bullfrogs
  2 cane toad simulacra (Lair:6)
  2 scorpions
  A hornet simulacrum (D:8)
  An elephant simulacrum (Lair:6)
  4 wights
  9 killer bees (D:9)
  2 electric eels
  6 howler monkeys
  A bullfrog zombie (D:6)
  6 centaur zombies
  A centaur skeleton (D:7)
  2 gnoll shamans
  3 hounds
  3 jellies
  3 orc priests
  4 hell rats (Lair:3)
  A scorpion zombie (D:5)
  14 orc wizards
  4 iguanas
  A killer bee zombie (D:8)
  A howler monkey zombie (D:10)
  12 gnolls
  A howler monkey skeleton (D:7)
  9 adders
  A shadow imp (D:5)
  4 white imps (D:8)
  An ufetubus (D:8)
  2 worms (Sewer)
  3 dart slugs (D:2)
  44 orcs
  5 endoplasms
  3 giant cockroaches
  6 goblins
  9 hobgoblins
  2 jackals (D:1)
  26 kobolds
  5 quokkas
  9 ball pythons
  3 bats
  3 frilled lizards
  9 rats
507 creatures vanquished.

Vanquished Creatures (others)
  44 fungi
  87 plants
  34 withered plants
165 creatures vanquished.

Grand Total: 672 creatures vanquished

Notes
Turn   | Place    | Note
-------+----------+-------------------------------------------
     0 | D:1      | thesequoiad the Minotaur Fighter began the quest for the
                  | Orb.
     0 | D:1      | Reached XP level 1. HP: 19/19 MP: 0/0
   119 | D:1      | Reached XP level 2. HP: 27/27 MP: 1/1
  1150 | D:2      | Reached skill level 3 in Axes
  1150 | D:2      | Reached XP level 3. HP: 30/33 MP: 2/2
  1444 | D:2      | Reached XP level 4. HP: 33/40 MP: 3/3
  1600 | D:2      | Reached skill level 5 in Shields
  3038 | D:3      | Reached XP level 5. HP: 47/47 MP: 4/4
  3113 | D:4      | Noticed a black bear
  3123 | D:4      | Killed a black bear
  3124 | D:4      | Reached skill level 5 in Fighting
  3124 | D:4      | Reached skill level 4 in Axes
  3303 | D:4      | Reached XP level 6. HP: 56/56 MP: 5/5
  3365 | D:4      | Found a staircase to the Ecumenical Temple.
  3378 | D:4      | Found a runed translucent gate.
  3378 | D:4      | Found a runed translucent gate.
  3378 | D:4      | Found a runed translucent gate.
  3381 | D:4      | Noticed spindart's ghost (amateur DsEE)
  3413 | D:4      | Found a glowing drain.
  3417 | Sewer    | Entered a sewer
  4218 | Temple   | Entered the Ecumenical Temple
  4424 | D:5      | Entered Level 5 of the Dungeon
  4436 | D:5      | Reached skill level 5 in Axes
  4436 | D:5      | Reached XP level 7. HP: 60/62 MP: 6/6
  5912 | D:6      | Noticed a two-headed ogre
  5969 | D:6      | Reached skill level 6 in Axes
  5969 | D:6      | Reached XP level 8. HP: 58/71 MP: 7/7
  6179 | D:6      | Noticed Sigmund
  6184 | D:6      | Killed Sigmund
  6216 | D:6      | Found an iron altar of Okawaru.
  6573 | D:6      | Reached skill level 1 in Evocations
  7047 | D:6      | Killed a two-headed ogre
  7048 | D:6      | Reached skill level 7 in Axes
  7048 | D:6      | Reached skill level 10 in Shields
  7048 | D:6      | Reached XP level 9. HP: 32/81 MP: 8/8
  7400 | D:7      | Noticed Menkaure
  7945 | D:7      | Noticed Maggie
  7962 | D:7      | Killed Maggie
  8339 | D:7      | Reached skill level 8 in Axes
  8420 | D:7      | Killed Menkaure
  8773 | D:7      | Found a radiant altar of Vehumet.
  9005 | D:7      | Reached XP level 10. HP: 90/91 MP: 9/9
  9813 | D:8      | Noticed a centaur warrior
  9821 | D:8      | Noticed a centaur warrior
  9829 | D:8      | Killed a centaur warrior
  9830 | D:8      | Reached skill level 9 in Axes
 10251 | D:8      | Found a hide-covered altar of Uskayaw.
 10254 | D:8      | Found an opulent altar of Gozag.
 10256 | D:8      | Found a burning altar of Makhleb.
 10256 | D:8      | Found an ancient bone altar of Kikubaaqudgha.
 10256 | D:8      | Found a shimmering blue altar of Sif Muna.
 10257 | D:8      | Found an ornate altar of the Wu Jian Council.
 10261 | D:8      | Became a worshipper of Gozag Ym Sagoz the Greedy
 10264 | D:8      | Found a white marble altar of Elyvilon.
 10489 | D:8      | Identified the +1 leather armour of Joy {Int+3}
 10609 | D:8      | Killed a centaur warrior
 10610 | D:8      | Reached skill level 5 in Evocations
 10862 | D:9      | Noticed Erica
 11088 | D:9      | Killed Erica
 11089 | D:9      | Reached skill level 10 in Fighting
 11383 | D:9      | Reached XP level 11. HP: 70/99 MP: 10/10
 12083 | D:9      | Found a staircase to the Orcish Mines.
 12110 | D:9      | Reached skill level 10 in Axes
 12626 | D:9      | Found Doraedghu's Antique Armour Emporium.
 13000 | D:10     | Entered Level 10 of the Dungeon
 13141 | D:10     | Noticed Sonja
 13146 | D:9      | Bought a shiny scale mail for 217 gold pieces
 13244 | D:10     | Noticed Sonja
 13244 | D:10     | Sonja changed into Sonja the hog
 13252 | D:9      | Killed Sonja the hog
 14410 | D:11     | Noticed a brown ugly thing
 14421 | D:11     | Killed a brown ugly thing
 14549 | D:11     | Noticed a two-headed ogre
 14560 | D:11     | Killed a two-headed ogre
 14561 | D:11     | Reached skill level 11 in Axes
 14708 | D:11     | Reached XP level 12. HP: 93/110 MP: 11/11
 14830 | D:11     | Reached skill level 15 in Shields
 14837 | D:11     | Found a staircase to the Lair.
 15316 | Lair:1   | Entered Level 1 of the Lair of Beasts
 15344 | Lair:1   | Found a gate leading to a gauntlet.
 15365 | Gauntlet | Entered a Gauntlet
 15365 | Gauntlet | Found a large runed translucent door.
 15365 | Gauntlet | Found a large runed translucent door.
 15365 | Gauntlet | Found a large runed translucent door.
 15365 | Gauntlet | Found a large runed translucent door.
 15365 | Gauntlet | Found a large runed translucent door.
 15365 | Gauntlet | Found a large runed translucent door.
 15365 | Gauntlet | Found a runed translucent door.
 15365 | Gauntlet | Found a transporter.
 15365 | Gauntlet | Found a transporter.
 15365 | Gauntlet | Found a runed translucent door.
 15365 | Gauntlet | Found a large runed translucent door.
 15365 | Gauntlet | Found a large runed translucent door.
 15365 | Gauntlet | Found a large runed translucent door.
 15365 | Gauntlet | Found a large runed translucent door.
 15365 | Gauntlet | Found a large runed translucent door.
 15365 | Gauntlet | Found a large runed translucent door.
 15369 | Gauntlet | Found a transporter.
 15369 | Gauntlet | Found a transporter.
 15375 | Gauntlet | Noticed a tengu warrior
 15377 | Gauntlet | Found a transporter.
 15398 | Gauntlet | Found a large runed translucent door.
 15398 | Gauntlet | Found a large runed translucent door.
 15398 | Gauntlet | Found a large runed translucent door.
 15398 | Gauntlet | Found a large runed translucent door.
 15408 | Gauntlet | Found a runed translucent gate.
 15408 | Gauntlet | Found a runed translucent gate.
 15408 | Gauntlet | Found a runed translucent gate.
 15410 | Gauntlet | Found a transporter.
 15425 | Gauntlet | Found a transporter.
 15442 | Gauntlet | Found a transporter.
 15455 | Gauntlet | Found a transporter.
 15480 | Gauntlet | Found a transporter.
 15579 | Gauntlet | Found a transporter.
 15580 | Gauntlet | Found a transporter.
 15589 | Gauntlet | Found a transporter.
 15592 | Gauntlet | Found a transporter.
 15603 | Gauntlet | Noticed a catoblepas
 15677 | Gauntlet | Found a transporter.
 15695 | Gauntlet | Found a transporter.
 16151 | Lair:1   | Noticed a five-headed hydra
 16159 | Lair:1   | Killed a one-headed hydra
 17316 | Lair:2   | Reached skill level 5 in Armour
 17379 | Lair:2   | Found a runed translucent door.
 17397 | Lair:2   | Found a shimmering altar of Xom.
 17397 | Lair:2   | Noticed momijiyamamura's ghost (journeyman DrTm)
 17518 | Lair:2   | Found a staircase to the Shoals.
 18408 | Lair:2   | Noticed a six-headed hydra
 18420 | Lair:2   | Killed a one-headed hydra
 18421 | Lair:2   | Reached skill level 12 in Axes
 19773 | Lair:2   | Identified a scroll of acquirement
 19773 | Lair:2   | Acquired a +2 broad axe of flaming
 19802 | Lair:3   | Noticed a six-headed hydra
 20176 | Lair:3   | Noticed Gastronok
 20219 | Lair:3   | Killed Gastronok
 20220 | Lair:3   | Reached XP level 13. HP: 117/119 MP: 12/12
 20421 | Lair:3   | Found a staircase to the Snake Pit.
 21025 | Lair:3   | Identified the +2 robe of the Heavens {Will+}
 21331 | Lair:4   | Found a blossoming altar of Fedhas.
 21623 | Lair:4   | Reached skill level 10 in Evocations
 21868 | Lair:4   | Noticed Snorg
 21877 | Lair:4   | Killed Snorg
 22274 | Lair:4   | Reached skill level 13 in Axes
 24394 | Lair:6   | Entered Level 6 of the Lair of Beasts
 24829 | Lair:6   | Found a viscous altar of Jiyva.
 24829 | Lair:6   | Found a staircase to the Slime Pits.
 24874 | Lair:6   | Reached skill level 14 in Axes
 25045 | Lair:6   | Reached XP level 14. HP: 104/130 MP: 13/13
 26645 | Lair:6   | Reached skill level 15 in Axes
 26645 | Lair:6   | Reached skill level 10 in Armour
 28259 | Lair:6   | Identified the amulet "Zosuex" {Fly Regen+ Dex+3}
 28451 | D:11     | Bought a ring of protection from fire for 250 gold pieces
 28728 | D:12     | Identified the +1 whip of Demonkind {vorpal, rC+}
 28783 | D:12     | Reached skill level 16 in Axes
 28906 | D:12     | Noticed Nergalle
 28923 | D:12     | Killed Nergalle
 29237 | D:13     | Noticed Rupert
 29415 | D:13     | Reached skill level 15 in Fighting
 29550 | D:13     | You are sucked into a shaft and drop 2 floors!
 29550 | D:15     | Entered Level 15 of the Dungeon
 29550 | D:15     | Found a staircase to the Depths.
 30252 | D:13     | Paralysed by Rupert for 6 turns
 30257 | D:13     | Annihilated by Rupert

Illustrated notes

Levels and vault maps discovered:
D:1:      eino_arrival_cavern_d, layout_loops_corners
D:2:      layout_loops_ring, st_stairs_4, minmay_fountain_box,
          minmay_misc_feat_enclosed, minmay_misc_feat_tower,
          kennysheep_small_spiral, hangedman_decor_points, kennysheep_nub,
          chequers_jeans, grunt_ministairs_11
D:3:      layout_basic, chequers_serial_rivers_micro_a,
          kennysheep_generic_room_2
D:4:      layout_rooms, minmay_temple_entry_proselytizer, serial_rivers,
          chequers_serial_rivers_marsh, chequers_serial_rivers_small_a,
          chequers_serial_rivers_micro_a, chequers_serial_rivers_small_a,
          gammafunk_ghost_necromancy, gup_sewer_entry_bowl
D:5:      layout_loops_ring
D:6:      layout_basic, mainiacjoe_overflow_six_doors_small, uniq_sigmund
D:7:      layout_loops_cross, old_standard_altar, serial_bayou_lagoon_a,
          corexii_leaking_fountain, minmay_chambers_of_fives, uniq_menkaure,
          uniq_maggie
D:8:      kennysheep_blocky_room, layout_basic, minitemple, serial_ice,
          serial_ice_d, serial_ice_b, serial_ice_i, serial_ice_a
D:9:      layout_loops_ring, orc_0_dummy, serial_shops, nicolae_take_the_stairs,
          chequers_serial_rivers_large_a, uniq_erica
D:10:     layout_cross, uniq_sonja
D:11:     layout_long_grid, lair_entry_dummy
D:12:     layout_irregular_city, minmay_misc_feat_hallway, uniq_nergalle
D:13:     cheibrodos_frozen_isle, layout_rooms, uniq_rupert
D:14:     layout_cave_pods, lightli_vaults_fourway_checkpoint, kennysheep_donut,
          serial_shops, nicolae_shop_waterfront, elyvilon_altar_5
D:15:     gammafunk_depths_entry_grave, layout_irregular_city,
          nicolae_dithmenos_through_a_glass_darkly, grunt_decor_fettered,
          minmay_misc_feat_rugged, grunt_ministairs_5, st_stairs_12,
          tso_metal_star
Temple:   dshaligram_water_room_temple
Lair:1:   layout_regular_city, gauntlet_entry_generic
Lair:2:   layout_regular_city, elwin_shoals_entry_stream, ebering_ghost_xom,
          small_statue_intersection, nzn_random_ring
Lair:3:   layout_gridlike, guppyfry_snake_entry_island, beast_lair_carwin_10,
          uniq_gastronok
Lair:4:   layout_regular_city, tgw_fedhas, uniq_snorg
Lair:5:   layout_small_grid, grunt_megastairs_4
Lair:6:   due_jungle_book, layout_cave_pods, slime_altar_1

Skill      XL: |  1  2  3  4  5  6  7  8  9 10 11 12 13 14 |
---------------+-------------------------------------------+-----
Shields        | 4 5 6 7 8 10 11 13 14 15 | 15.0
Fighting       | 4 5 6 7 9 10 11 12 13 15 | 15.2
Axes           | 3 4 5 6 7 8 9 11 12 14 16 | 16.8
Evocations     | 2 4 5 6 9 10 | 10.0
Armour         | 6 9 10 | 10.0

Action                   |  1- 3 |  4- 6 |  7- 9 | 10-12 | 13-15 || total
-------------------------+-------+-------+-------+-------+-------++-------
Melee: War axe           |    75 |   165 |   211 |   561 |       ||  1012
       Headbutt          |    12 |    22 |    53 |   126 |   232 ||   445
       Broad axe         |       |       |       |    40 |   675 ||   715
       Scimitar          |       |       |       |    14 |    38 ||    52
Throw: Dart              |       |     6 |     2 |    12 |     4 ||    24
       Throwing net      |       |       |     1 |       |       ||     1
Invok: Call Merchant     |       |       |       |       |     3 ||     3
Evoke: Wand              |       |       |     4 |    13 |    15 ||    32
       Box of beasts     |       |       |       |     1 |       ||     1
  Use: Scroll            |       |     4 |     6 |    16 |     8 ||    34
       Potion            |       |       |    10 |     7 |       ||    17
 Stab: Paralysed         |       |       |       |     7 |     2 ||     9
       Distracted        |       |       |       |     1 |     2 ||     3
Armor: Scale mail        |    38 |    61 |    56 |   149 |   326 ||   630
       Acid dragon scale |       |       |    33 |    66 |       ||    99
Dodge: Dodged            |    20 |    62 |    75 |   191 |   214 ||   562
Block: Kite shield       |    39 |    96 |   167 |   422 |   457 ||  1181
       Rpst.: Scimitar   |       |       |       |     1 |       ||     1
